 Dungeon Crawl Stone Soup version 0.16-a0-4113-g7d8e295 (webtiles) character file.

5626 Kaesh the Grappler (level 10, -4/100 HPs)
             Began as a Troll Monk on Feb 28, 2015.
             Was a Priest of Okawaru.
             Slain by a black mamba (8 damage)
             ... on level 1 of the Lair of Beasts.
             The game lasted 00:48:18 (7365 turns).

Kaesh the Grappler (Troll Monk)                     Turns: 7365, Time: 00:48:20

Health: -4/100     AC:  8    Str: 21    XL:     10   Next: 46%
Magic:  0/13       EV: 18    Int:  6    God:    Okawaru [***...]
Gold:   438        SH:  0    Dex: 15    Spells: 0 memorised, 9 levels left

rFire  + . .     SeeInvis .       - Unarmed
rCold  + . .     Clarity  .     s - +2 robe {rC+ rF+}
rNeg   . . .     SustAb   .     (shield restricted)
rPois  .         Gourm    +     (helmet restricted)
rElec  .         Spirit   +     Q - +0 cloak
rCorr  .         Warding  .     (gloves unavailable)
rMut   .         Stasis   .     (boots unavailable)
MR     .....                    t - amulet of guardian spirit
Stlth  ++++......               E - ring of magical power
                                N - ring of stealth

@: lethally poisoned (-4 -> -11), heroism, not resistant to hostile
enchantments, stealthy
A: unfitting armour, claws 3, fast metabolism 3, gourmand, regeneration 2,
shaggy fur 1, tough skin 2
a: Heroism, Renounce Religion


You were on level 1 of the Lair of Beasts.
You worshipped Okawaru.
Okawaru was most pleased with you.
You were not hungry.

You visited 3 branches of the dungeon, and saw 10 of its levels.
You also visited: Sewer and Ossuary.

You collected 522 gold pieces.
You spent 84 gold pieces at shops.

Inventory:

Armour
 s - a +2 robe of resistance (worn)
 Q - a +0 cloak (worn)
Jewellery
 o - an uncursed ring of ice
 t - an amulet of guardian spirit (around neck)
 E - a ring of magical power (right claw)
 K - a +5 ring of intelligence
 M - an uncursed ring of ice
 N - a ring of stealth (left claw)
Magical devices
 f - a wand of heal wounds (3)
 h - a wand of magic darts (33)
 n - a wand of fire (8)
 G - a wand of disintegration (21)
 L - a wand of fire (8)
 P - a wand of frost (20)
Scrolls
 a - a scroll of recharging
 c - 3 scrolls of remove curse
 e - a scroll of fear
 g - 2 scrolls of fog
 i - a scroll of torment {unknown}
 j - 5 scrolls of teleportation
 k - 2 scrolls of enchant weapon
 l - a scroll of blinking {unknown}
 m - a scroll of enchant armour {unknown}
 q - 20 scrolls of identify
 y - a scroll of magic mapping
 A - a scroll of amnesia
Potions
 d - a potion of restore abilities
 r - 3 potions of resistance
 u - a potion of cancellation
 v - 6 potions of curing
 x - a potion of lignification {unknown}
 B - 4 potions of brilliance
 C - 3 potions of might
 D - a potion of ambrosia {unknown}
 F - a potion of berserk rage {unknown}
 J - a potion of haste
Books
 O - a book of Frost

   Spells                             Type                      Level
   a - Freeze                         Ice                          1
   b - Throw Frost                    Conjuration/Ice              2
   c - Ozocubu's Armour               Charms/Ice                   3
   d - Throw Icicle                   Conjuration/Ice              4
   e - Summon Ice Beast               Ice/Summoning                4
   f - Condensation Shield            Ice                          4
Comestibles
 b - 5 meat rations
 H - 2 bread rations
 I - a slice of pizza


   Skills:
 + Level 6.9(11.9) Fighting
 + Level 8.2(13.2) Dodging
 + Level 2.4(7.4) Stealth
 + Level 10.3(15.3) Unarmed Combat


You had 9 spell levels left.
You didn't know any spells.

Dungeon Overview and Level Annotations

Branches:
Dungeon (8/15)             Temple (1/1) D:7            Lair (1/8) D:8

Altars:
Ashenzari
Cheibriados
Dithmenos
Elyvilon
Gozag
Kikubaaqudgha
Makhleb
Nemelex Xobeh
Okawaru
Qazlal
Ru
Sif Muna
Trog
Vehumet
Yredelemnul
Zin
The Shining One

Shops:
D:8 !


Innate Abilities, Weirdness & Mutations

You are too large for most types of armour.
You have claws for hands.
Your metabolism is lightning-fast.
You like to eat raw meat.
You heal very quickly.
You are covered in fur (AC +1).
You have very tough skin (AC +2).


Message History

You are too injured to fight recklessly!
You are too injured to fight recklessly!
You are too injured to fight recklessly!
You feel sick. The black mamba misses you.
Use which ability? (? or * to list)
You gain the combat prowess of a mighty hero.
You feel slightly more hungry.
You feel sick. The black mamba bites you.
* * * LOW HITPOINT WARNING * * *
The black mamba bites you.
* * * LOW HITPOINT WARNING * * *
You miss the black mamba.
* * * LOW HITPOINT WARNING * * *
You feel sick. The black mamba misses you.
You mangle the black mamba!!
The black mamba begins to bleed from its wounds!
Your claw misses the black mamba.
The black mamba is severely wounded.
* * * LOW HITPOINT WARNING * * *
You feel sick. The black mamba bites you!
You die...

.###. .... # #.. #
#.# ## ##.########
#.
##.......#.######
#.)...........###
##.#..............
##@########........
###S## #........
##..#.# #..........
##########..####
#.........#
#.†⌠.#......#
#..........P
#.....#.....#
...........#
#⌠.>.⌠#.##..#
.........##
........####.##
.......# ..##...##
#.# ....#


You could see a black mamba (bleeding).

Vanquished Creatures
  Pikel (D:8)
  A spiny frog (Lair:1)
  A two-headed ogre (D:8)
  Eustachio (D:5)
  2 hippogriffs (D:8)
  Menkaure (D:4)
  The ghost of hornqvist the Covert, an average SpBe of Trog (Ossuary)
  A water moccasin (D:8)
  2 orc warriors (D:6)
  2 phantoms
  3 ogres
  An ice beast (D:7)
  2 centaurs
  2 crocodiles (Lair:1)
  Duvessa (D:5)
  3 giant frogs
  A wyvern zombie (D:7)
  16 scorpions
  A water moccasin skeleton (D:7)
  4 wights (D:7)
  3 killer bees (D:8)
  Dowan (D:5)
  3 crimson imps
  A goliath beetle (D:6)
  4 centaur zombies
  3 hounds
  2 orc priests
  2 centaur skeletons
  An iguana (D:7)
  2 worker ants
  6 orc wizards
  3 big kobold zombies (Ossuary)
  3 mummies (Ossuary)
  11 gnolls
  3 scorpion zombies (Ossuary)
  3 shadow imps
  9 adders
  A giant mite (D:3)
  2 worms
  An adder zombie (D:5)
  An adder skeleton (D:4)
  4 giant geckos
  3 oozes (D:1)
  16 orcs
  3 bat skeletons
  4 giant cockroaches
  A gnoll zombie (Ossuary)
  22 goblins
  14 hobgoblins
  25 jackals
  5 quokkas
  5 ball pythons
  7 bats
  A giant gecko skeleton (D:4)
  A giant gecko zombie (D:5)
  12 giant newts
  3 goblin zombies (Ossuary)
  4 hobgoblin zombies (Ossuary)
  19 kobolds
  3 kobold zombies (Ossuary)
  An orc zombie (Ossuary)
  2 quokka skeletons
  12 rats
  3 plants (Sewer)
282 creatures vanquished.

Vanquished Creatures (others)
  An ogre (D:8)
  A necrophage (D:8)
2 creatures vanquished.

Grand Total: 284 creatures vanquished

Notes
Turn   | Place    | Note
--------------------------------------------------------------
     0 | D:1      | Kaesh, the Troll Monk, began the quest for the Orb.
     0 | D:1      | Reached XP level 1. HP: 22/22 MP: 1/1
   134 | D:1      | Reached XP level 2. HP: 29/29 MP: 1/1
   415 | D:1      | Reached XP level 3. HP: 36/36 MP: 2/2
   985 | D:2      | Reached XP level 4. HP: 31/44 MP: 2/2
  1245 | D:2      | Reached skill level 5 in Unarmed Combat
  1435 | D:3      | Found a burning altar of Makhleb.
  1578 | D:3      | Reached XP level 5. HP: 52/52 MP: 2/2
  2088 | D:3      | Found a glowing drain.
  2104 | Sewer    | Entered a sewer
  2930 | D:4      | Noticed an ogre
  2939 | D:4      | Killed an ogre
  2939 | D:4      | Reached XP level 6. HP: 61/61 MP: 3/3
  2991 | D:4      | Noticed an ogre
  3002 | D:4      | Killed an ogre
  3002 | D:4      | Reached skill level 6 in Unarmed Combat
  3085 | D:4      | Noticed a phantom
  3101 | D:4      | Killed a phantom
  3101 | D:4      | Reached XP level 7. HP: 67/67 MP: 3/3
  3433 | D:4      | Noticed Menkaure
  3439 | D:4      | Killed Menkaure
  3439 | D:4      | Reached skill level 5 in Dodging
  3502 | D:5      | Entered Level 5 of the Dungeon
  3667 | D:5      | Reached skill level 7 in Unarmed Combat
  3724 | D:5      | Noticed Eustachio
  3729 | D:5      | Killed Eustachio
  3729 | D:5      | Reached XP level 8. HP: 77/79 MP: 3/3
  3764 | D:5      | Noticed Dowan
  3796 | D:5      | Noticed Duvessa
  3808 | D:5      | Killed Duvessa
  3829 | D:5      | Killed Dowan
  3950 | D:5      | Found a glowing golden altar of the Shining One.
  4117 | D:5      | Found a shattered altar of Ashenzari.
  4444 | D:6      | Reached skill level 5 in Fighting
  4461 | D:6      | Reached skill level 8 in Unarmed Combat
  4667 | D:6      | Found an ancient bone altar of Kikubaaqudgha.
  4889 | D:7      | Reached XP level 9. HP: 88/88 MP: 4/4
  5034 | D:7      | Found a sand-covered staircase.
  5038 | Ossuary  | Entered an ossuary
  5143 | Ossuary  | Noticed hornqvist's ghost (average SpBe)
  5151 | Ossuary  | Killed hornqvist's ghost
  5402 | Ossuary  | Reached skill level 9 in Unarmed Combat
  5845 | D:7      | Found a staircase to the Ecumenical Temple.
  5858 | Temple   | Entered the Ecumenical Temple
  5920 | Temple   | Became a worshipper of Warmaster Okawaru
  5920 | Temple   | Acquired Okawaru's first power
  6060 | D:7      | Noticed a centaur skeleton
  6070 | D:7      | Killed a centaur skeleton
  6217 | D:8      | Reached XP level 10. HP: 85/100 MP: 4/4
  6369 | D:8      | Found Phagoet's Distillery.
  6381 | D:8      | Bought a potion of mutation for 32 gold pieces
  6381 | D:8      | Bought a potion of might for 52 gold pieces
  6456 | D:8      | Noticed Pikel
  6473 | D:8      | Killed Pikel
  6473 | D:8      | Reached skill level 10 in Unarmed Combat
  6630 | D:8      | Found a staircase to the Lair.
  7208 | Lair:1   | Entered Level 1 of the Lair of Beasts
  7338 | Lair:1   | Noticed a black mamba
  7363 | Lair:1   | HP: 5/100 [black mamba (1)]
  7365 | Lair:1   | Slain by a black mamba

Action                   |  1- 3 |  4- 6 |  7- 9 | 10-12 || total
-------------------------+-------+-------+-------+-------++-------
Melee: Unarmed           |   111 |   275 |   413 |    82 ||   881
Invok: Heroism           |       |       |       |     1 ||     1
  Use: Potion            |       |     3 |     3 |     2 ||     8
       Scroll            |       |     1 |       |    10 ||    11
 Stab: Sleeping          |     1 |     1 |       |     2 ||     4
  Eat: Chunk             |    10 |    16 |    28 |     6 ||    60
       Bread ration      |       |       |     1 |       ||     1
       Beef jerky        |       |       |       |     1 ||     1
